[Event "Vetern-SM 50+ 2025"]
[Site "Uppsala, Sweden"]
[Date "2025.07.01"]
[Round "4.2"]
[White "Helin, Mikael"]
[Black "Olsson, Pether"]
[Result "0-1"]
[TimeControl "90 min for 40 move + 30 min with an increment of 30 sec starting move 1"]
[WhiteTitle "CM"]
[WhiteFideId "1703838"]
[BlackFideId "1726820"]
[WhiteElo "1929"]
[BlackElo "2160"]

1. e4 e5 2. Nf3 Nc6 3. d3 Nf6 4. Nbd2 Bc5 5. h3 d6 6. c3 a6 7. Be2 Ba7 8. Qc2 Ne7 9. Nf1 Ng6 10.
g3 h6 11. b3 Be6 12. Ne3 Qd7 13. d4 Bxh3 14. Ng1 exd4 15. Nxh3 dxe3 16. fxe3 Ne5 17. Nf4 O-O-O 18. c4 Nfg4 19.
Qc3 Rde8 20. Rh4 g5 21. Rxg4 Nxg4 22. Nd5 c6 23. Nb4 Rhg8 24. Qd3 Ne5 25. Qd2 Qh3 26. Kd1 Qxg3 27. Kc2 Qg2 28.
Kb2 Qxe4 29. Nc2 Re6 30. Ka3 d5 31. Bb2 dxc4 32. Nd4 Rd6 33. Bf1 c5 34. Bg2 Qd3 35. Qxd3 Nxd3 36. Nf5 Re6 37.
Bc3 Nb4 38. Rh1 Nc2+ 39. Kb2 Nxe3 40. Nxe3 Rxe3 41. Bd5 cxb3 42. axb3 Bb8 43. Rxh6 Be5 44. Bxe5 Rxe5 45. Bxf7 Rg7 46.
Bc4 g4 0-1

[Event "Vetern-SM 50+ 2025"]
[Site "Uppsala, Sweden"]
[Date "2025.07.01"]
[Round "4.3"]
[White "Johansen, Peter"]
[Black "Eriksson, Kristian"]
[Result "1/2-1/2"]
[TimeControl "90 min for 40 move + 30 min with an increment of 30 sec starting move 1"]
[WhiteFideId "1723944"]
[BlackFideId "1705172"]
[WhiteElo "2104"]
[BlackElo "1998"]

1. e4 e5 2. Nf3 Nc6 3. Nc3 Nf6 4. Bb5 d6 5. d4 Bd7 6. d5 Ne7 7. Qd3 a6 8. Bc4 Ng6 9. h3 Be7 10.
Be3 O-O 11. g4 c6 12. dxc6 bxc6 13. O-O-O Be6 14. g5 Nh5 15. Ne2 Qa5 16. Ne1 Bxc4 17. Qxc4 Qb5 18. Qxb5 axb5 19. a3 f5 20.
gxf6 Nxf6 21. Nc3 Rfb8 22. Nd3 c5 23. f3 b4 24. Nb1 Nd7 25. c3 bxa3 1/2-1/2

[Event "Vetern-SM 50+ 2025"]
[Site "Uppsala, Sweden"]
[Date "2025.07.01"]
[Round "4.4"]
[White "Svensson, Hakan"]
[Black "Ljung, Rickard"]
[Result "1-0"]
[TimeControl "90 min for 40 move + 30 min with an increment of 30 sec starting move 1"]
[WhiteFideId "1714201"]
[BlackFideId "1740156"]
[WhiteElo "2004"]
[BlackElo "1972"]

1. e4 d6 2. d4 Nf6 3. Bd3 g6 4. Nf3 Bg7 5. O-O O-O 6. c3 c6 7. Bg5 Qc7 8. Re1
e5 9. Nbd2 Be6 10. dxe5 dxe5 11. Qc2 Nbd7 12. b4 h6 13. Bh4 g5 14. Bg3 Nh5 15.
Bc4 Bxc4 16. Nxc4 Rfe8 17. Rad1 Nxg3 18. hxg3 Bf8 19. Ne3 Nf6 20. Nf5 Rad8 21.
a3 a5 22. Nd2 axb4 23. axb4 Rd7 24. Nb3 Red8 25. f3 Ne8 26. g4 Kh7 27. Kh2 Ng7
28. Ng3 Ne6 29. Na5 Nf4 30. Nc4 Kg8 31. Rxd7 Rxd7 32. Rd1 b5 33. Ne3 Qd8 34.
Rxd7 Qxd7 35. Nh5 Qd8 36. Nxf4 gxf4 37. Nf5 c5 38. bxc5 Bxc5 39. Nxh6+ Kg7 40.
Nf5+ Kg6 41. g3 Qh8+ 42. Kg2 fxg3 43. Nxg3 Qh4 44. Qd1 Qg5 45. Qd7 Qf6 46. Nh5
Qe6 47. Qxe6+ fxe6 48. Kf1 Bf8 49. Ke2 Ba3 50. Kd3 Bc5 51. Ng3 Kg5 52. Ne2 Ba3
53. c4 bxc4+ 54. Kxc4 Kh4 55. Kb5 Kg5 56. Kc6 Kf6 57. Kd7 Kf7 58. Nc3 Bb2 59.
Nb5 Bc1 60. Nc7 Bd2 61. Nxe6 Bc1 62. Kd6 Bb2 63. Nc5 1-0

[Event "Vetern-SM 50+ 2025"]
[Site "Uppsala, Sweden"]
[Date "2025.07.01"]
[Round "4.5"]
[White "Gromark, Jonas"]
[Black "Brandberg, Joakim"]
[Result "1-0"]
[TimeControl "90 min for 40 move + 30 min with an increment of 30 sec starting move 1"]
[WhiteFideId "137122733"]
[BlackFideId "1712276"]
[WhiteElo "1822"]
[BlackElo "2111"]

1. c4 e5 2. Nc3 Nf6 3. Nf3 Nc6 4. e4 Bb4 5. d3 d6 6. Be2 Bg4 7. O-O Bxc3 8. bxc3 Qd7 9. Be3 O-O 10.
Nd2 Bxe2 11. Qxe2 Ne8 12. f4 f5 13. Rae1 fxe4 14. Nxe4 Nf6 15. f5 Nxe4 16. dxe4 b6 17. Rf3 Na5 18.
Rg3 Kh8 19. Bg5 Rf7 20. Rh3 Raf8 21. Qh5 h6 22. Bxh6 Kg8 23. Bg5 Rf6 24. Bxf6 Rxf6 25. Qh8+ Kf7 26. Rh7 1-0

[Event "Vetern-SM 50+ 2025"]
[Site "Uppsala, Sweden"]
[Date "2025.07.01"]
[Round "4.6"]
[White "Ivarsson, Anders"]
[Black "Persson, Lars"]
[Result "1-0"]
[TimeControl "90 min for 40 move + 30 min with an increment of 30 sec starting move 1"]
[WhiteFideId "1768158"]
[BlackFideId "1703579"]
[WhiteElo "1987"]
[BlackElo "2041"]

1. Nf3 f5 2. d3 Nf6 3. e4 d6 4. exf5 Bxf5 5. d4 Nbd7 6. Bd3 Bxd3 7. Qxd3 e5 8. Ng5 Qe7 9. O-O e4 10.
Qb3 b6 11. Nc3 h6 12. Ne6 Rc8 13.
Nb5 c6 14. Nxa7 d5 15. Nxf8 Ra8 16. Ng6 Qd6 17. Bf4 Qe6 18. Nxh8 Nh5 19. Be5 Rxa7 20. f3 e3 21. Qxe3 1-0

[Event "Vetern-SM 50+ 2025"]
[Site "Uppsala, Sweden"]
[Date "2025.07.01"]
[Round "4.7"]
[White "Tobiasson, Bjorn"]
[Black "Lundberg, Daniel"]
[Result "1-0"]
[TimeControl "90 min for 40 move + 30 min with an increment of 30 sec starting move 1"]
[WhiteFideId "1773682"]
[BlackFideId "1759264"]
[WhiteElo "1884"]
[BlackElo "1838"]

1. d4 d5 2. c4 e6 3. Nf3 a6 4. g3 dxc4 5. Bg2 Nc6 6. O-O Rb8 7. b3 cxb3 8. axb3 Nf6 9. Bb2 Be7 10.
Nbd2 O-O 11. e4 Nb4 12. Qe2 Bd7 13. Ne5 Nc2 14. Rad1 Bb5 15. Ndc4 Nb4 16. Rd2 Ne8 17. d5 exd5 18.
exd5 a5 19. Re1 Bxc4 20. Qxc4 Nd6 21. Qg4 f5 22. Qe2 Bf6 23. f4 Re8 24. Qf2 Qc8 25. Qc5 b6 26. Qf2 Na6 27. Nc6 Rxe1+ 28. Qxe1 Qe8 29. Re2 Bxb2 30. Rxe8+ Rxe8 31. Ne5 Nc5 32. Qe2 Bd4+ 33. Kf1 Nd7 34. Qc2 Nc5 35. Nf3 Re3 36. Nxd4 Nd3 37.
Qd2 Re1+ 38. Qxe1 Nxe1 39. Kxe1 1-0

[Event "Vetern-SM 50+ 2025"]
[Site "Uppsala, Sweden"]
[Date "2025.07.01"]
[Round "4.8"]
[White "Mitra, Ashoke"]
[Black "Hedin, Niclas"]
[Result "1/2-1/2"]
[TimeControl "90 min for 40 move + 30 min with an increment of 30 sec starting move 1"]
[WhiteFideId "1720767"]
[BlackFideId "1720708"]
[WhiteElo "1774"]
[BlackElo "1953"]

1. d4 d5 2. Nf3 Nf6 3. c4 c6 4. e3 Bf5 5. Nc3 e6 6. Bd3 Bxd3 7. Qxd3 Nbd7 8. e4 dxe4 9. Nxe4 Nxe4 10.
Qxe4 Nf6 11. Qc2 Be7 12. O-O O-O 13. h3 Qc7 14. Be3 Rfd8 15. Rfd1 Rac8 16. Rac1 Qa5 17. a3 Nd7 18. Qe4 Nf8 19.
Bd2 Qa4 20. Bg5 Bxg5 21. Nxg5 h6 22. Nf3 Ng6 23. Ne5 Nxe5 24. Qxe5 Qb3 25. Qe2 Qb6 26. c5 Qc7 27. Rc3 Rd5 28.
Rg3 Rcd8 29. Qg4 Rg5 30. Qf3 Rxg3 31. fxg3 Rd5 32. Rd3 Rf5 33. Qe2 Qd8 34. b4 a6 35. Kh2 Rd5 36. Qf2 Qd7 37.
Rf3 f6 38. Rf4 f5 39. Qe3 g5 40. Rf2 Kg7 41. Re2 Kf6 42. Re1 Qf7 43. Rf1 Ke7 44. Rf2 Qf6 45. Rd2 Kd7 46. Rd1 Ke7 47.
Rd2 Kf7 48. Rd1 Qd8 49. Qf2 Kg8 1/2-1/2

[Event "Vetern-SM 50+ 2025"]
[Site "Uppsala, Sweden"]
[Date "2025.07.02"]
[Round "5.1"]
[White "Olsson, Pether"]
[Black "Vernersson, Per"]
[Result "1/2-1/2"]
[TimeControl "90 min for 40 move + 30 min with an increment of 30 sec starting move 1"]
[WhiteFideId "1726820"]
[BlackFideId "1700863"]
[WhiteElo "2160"]
[BlackElo "2258"]

1. d4 d5 2. Nf3 Nf6 3. Bf4 g6 4. c4 Bg7 5. Nc3 c6 6. e3 O-O 7. h3 c5 8. Qb3 cxd4 9. Nxd4 dxc4 10.
Bxc4 Nbd7 11. Bh2 Nb6 12. O-O Nxc4 13. Qxc4 Bd7 14. Qb3 Qb6 15. Qa3 Rfe8 16. Rfd1 Rac8 17. Nf3 Be6 18. Be5 a5 19.
Rd4 Rc4 20. Rxc4 Bxc4 21. b3 Be6 22. Na4 Qb5 23. Rc1 Ne4 24. Bxg7 Kxg7 25. Nd4 Qe5 26. Nxe6+ Qxe6 27. Nc5 Nxc5 28.
Qxc5 Ra8 29. Qd4+ Kg8 30. Rc7 b5 31. Qc5 Rd8 32. Rxe7 Qf6 33. Qe5 Rd1+ 34. Kh2 Kg7 35. Qxf6+ Kxf6 36.
Ra7 Rd2 37. Ra6+ Ke7 38. Rxa5 Rxf2 39. Kg3 Rb2 40. Rxb5 Rxa2 41. h4 h5 42. Kf3 Ke6 43. g3 Rb2 44. Rb7 Rb1 45. b4 Rf1+ 46.
Kg2 Rb1 47. Kf2 Kf6 48. Rb5 Ke6 49. Ke2 Rg1 50. Rg5 Rb1 51. b5 Rb3 52. Kf3 Rb1 53. e4 Rf1+ 54. Ke3 Kd6 55. Kd4 Rd1+ 56.
Kc4 Rc1+ 57. Kb4 Re1 58. e5+ Kc7 59. Kc5 Rc1+ 60. Kd5 Rd1+ 61. Kc5 Rc1+ 62. Kd5 Rd1+ 63. Kc5 1/2-1/2

[Event "Vetern-SM 50+ 2025"]
[Site "Uppsala, Sweden"]
[Date "2025.07.02"]
[Round "5.2"]
[White "Gamback, Bjorn"]
[Black "Gromark, Jonas"]
[Result "1-0"]
[TimeControl "90 min for 40 move + 30 min with an increment of 30 sec starting move 1"]
[WhiteTitle "CM"]
[WhiteFideId "1703161"]
[BlackFideId "137122733"]
[WhiteElo "1996"]
[BlackElo "1822"]

1. e4 c5 2. c3 d5 3. exd5 Qxd5 4. d4 g6 5. Nf3 Bg7 6. Be3 Bg4 7. Qa4+ Bd7 8. Qb3 Qxb3 9. axb3 cxd4 10.
Nxd4 a6 11. Nb5 Bxb5 12. Bxb5+ Nd7 13. Ke2 O-O-O 14. Na3 e5 15. Rhd1 Ne7 16. Nc4 Kc7 17. Bxd7 Rxd7 18. Bb6+ Kc8 19.
Rxd7 Kxd7 20. Rd1+ Ke6 21. Rd6+ Kf5 22. Ne3+ Kg5 23. Bd8 Bf6 24. g3 Kh5 25. Rxf6 Rxd8 26. Rxf7 Rd7 27. Rxh7+ Kg5 28.
c4 Rc7 29. h4+ Kf6 30. Rxe7 1-0

[Event "Vetern-SM 50+ 2025"]
[Site "Uppsala, Sweden"]
[Date "2025.07.02"]
[Round "5.3"]
[White "Johansen, Peter"]
[Black "Svensson, Hakan"]
[Result "1-0"]
[TimeControl "90 min for 40 move + 30 min with an increment of 30 sec starting move 1"]
[WhiteFideId "1723944"]
[BlackFideId "1714201"]
[WhiteElo "2104"]
[BlackElo "2004"]

1. e4 e6 2. d4 d5 3. Nd2 dxe4 4. Nxe4 Bd7 5. Nf3 Bc6 6. Bd3 Nd7 7. c3 Ngf6 8. Qe2 Be7 9. O-O O-O 10.
Re1 Bxe4 11. Bxe4 Nxe4 12. Qxe4 c6 13. Bf4 Qa5 14. Ne5 Nf6 15. Qe2 Rfe8 16. g4 Nd5 17. Bd2 Qd8 18. c4 Nb6 19.
Ba5 Bf6 20. Rad1 Qe7 21. b3 Qa3 22. Bc3 Rad8 23. Qb2 Qxb2 24. Bxb2 Bxe5 25. dxe5 Nc8 26. f4 g6 27. Kf2 c5 28.
Ba3 b6 29. b4 cxb4 30. Bxb4 Kg7 31. c5 Ne7 32. cxb6 Nd5 33. Bd6 axb6 34. Rd4 Rc8 35. Re2 Rc3 36. Bb4 Rc1 37. Rb2 Rec8 38.
a3 R1c2+ 39. Rxc2 Rxc2+ 40. Kg3 Rb2 41. f5 Rb3+ 42. Kf2 Rb2+ 43. Bd2 Rb3 44. f6+ Kf8 45. Rc4 Ke8 46. Rc8+ Kd7 47.
Rf8 Rh3 48. Kg1 Rxa3 49. Rxf7+ Ke8 50. Rxh7 Ra1+ 51. Kf2 Ra2 52. Ke1 Ra1+ 53. Ke2 Ra2 54. Kd3 Ra3+ 55. Kc4 Ra4+ 56. Kb5 Rxg4 57.
Kc6 g5 58. Kd6 Rh4 59. Ra7 1-0

[Event "Vetern-SM 50+ 2025"]
[Site "Uppsala, Sweden"]
[Date "2025.07.02"]
[Round "5.4"]
[White "Eriksson, Kristian"]
[Black "Ivarsson, Anders"]
[Result "1-0"]
[TimeControl "90 min for 40 move + 30 min with an increment of 30 sec starting move 1"]
[WhiteFideId "1705172"]
[BlackFideId "1768158"]
[WhiteElo "1998"]
[BlackElo "1987"]

1. e4 c5 2. Nf3 a6 3. Nc3 b5 4. d4 cxd4 5. Nxd4 e6 6. a3 Bb7 7. Bd3 Nc6 8. Be3 Nf6 9. O-O Qc7 10.
Kh1 b4 11. axb4 Bxb4 12. f4 Bxc3 13. bxc3 Ne7 14. e5 Nfd5 15. Bd2 Nxc3 16. Qe1 Ned5 17. f5 a5 18. Qg3 g6 19. fxe6 dxe6 20.
Ra3 Qc5 21. Bxc3 Qxa3 22. Nb5 Qe7 23. Nd6+ Kf8 24. Bd2 Kg7 25. Bg5 Qc7 26. c4 h6 27. cxd5 hxg5 28. dxe6 Raf8 29. Qxg5 Qc6 30.
Rxf7+ Rxf7 31. Qxg6+ 1-0

[Event "Vetern-SM 50+ 2025"]
[Site "Uppsala, Sweden"]
[Date "2025.07.02"]
[Round "5.5"]
[White "Ljung, Rickard"]
[Black "Helin, Mikael"]
[Result "0-1"]
[TimeControl "90 min for 40 move + 30 min with an increment of 30 sec starting move 1"]
[BlackTitle "CM"]
[WhiteFideId "1740156"]
[BlackFideId "1703838"]
[WhiteElo "1972"]
[BlackElo "1929"]

1. d4 d6 2. Nf3 Nf6 3. Bf4 g6 4.
e3 Nc6 5. c3 Bg7 6. Nbd2 O-O 7. h3 h6 8. Be2 Kh8 9. Qb3 Nd7 10. a3 e5 11. Bh2 f5 12. dxe5 dxe5 13. Rd1 Qe7 14.
O-O g5 15. Qc2 a5 16. Nb1 a4 17. c4 Nc5 18. Nc3 f4 19. Nd5 Qf7 20. Nc3 Bf5 21. e4 Be6 22. Nb5 Bf6 23. Ne1 Nb3 24.
f3 Nbd4 25. Nxd4 Nxd4 26. Rxd4 exd4 27. Bd3 c5 28. Rf2 Rfc8 29. e5 Bd8 30. Bg6 Qg8 31. h4 Bxc4 32. hxg5 hxg5 33. g3 Ba5 34.
Ng2 d3 35. Bxd3 Bb3 36. Qc1 c4 37. Bf1 Rd8 38. gxf4 g4 39. fxg4 Qxg4 40. Be2 Qf5 41. Qe3 Ra6 42. Qg3 Rh6 43. Qg5 Qh3 44. Qg3 Bb6 0-1

[Event "Vetern-SM 50+ 2025"]
[Site "Uppsala, Sweden"]
[Date "2025.07.02"]
[Round "5.6"]
[White "Karlsson, Patrik"]
[Black "Tobiasson, Bjorn"]
[Result "1-0"]
[TimeControl "90 min for 40 move + 30 min with an increment of 30 sec starting move 1"]
[WhiteFideId "1710834"]
[BlackFideId "1773682"]
[WhiteElo "1923"]
[BlackElo "1884"]

1. e4 c6 2. d4 d5 3. e5 Bf5 4. Nf3 e6 5. Be2 c5 6. Be3 cxd4 7. Nxd4 Ne7 8. Nd2 Nbc6 9. f4 Nxd4 10.
Bxd4 Nc6 11. Nf3 Be7 12. c3 O-O 13. O-O h6 14. Bd3 Bxd3 15. Qxd3 Qd7 16. Kh1 h5 17. Rae1 g6 18. Rg1 Nxd4 19.
Nxd4 Bc5 20. g4 Bxd4 21. cxd4 hxg4 22. Rxg4 Kg7 23. Reg1 Qe8 24. f5 exf5 25. Qxf5 Qe6 26. Qxe6 fxe6 27.
Rxg6+ Kf7 28. Rf6+ Ke8 29. Rxe6+ Kd8 30. Rd6+ 1-0

[Event "Vetern-SM 50+ 2025"]
[Site "Uppsala, Sweden"]
[Date "2025.07.02"]
[Round "5.7"]
[White "Bergfalk, Jonas"]
[Black "Uneson, Marcus"]
[Result "1-0"]
[TimeControl "90 min for 40 move + 30 min with an increment of 30 sec starting move 1"]
[WhiteFideId "1703986"]
[BlackFideId "1730509"]
[WhiteElo "2030"]
[BlackElo "2118"]

1. d4 e6 2. c4 f5 3. g3 Nf6 4. Bg2 Bb4+ 5. Bd2 a5 6.
Nf3 O-O 7. O-O Ne4 8. a3 Be7 9. Nc3 Nxd2 10. Qxd2 a4 11. Qc2 Qe8 12. Nxa4 Qh5 13. Nc3 g5 14. Rfe1 Ra6 15. e3 e5 16.
Nxe5 Rh6 17. f4 Kh8 18. Bf3 g4 19. Bh1 d6 20. Nd3 c6 21. b4 Nd7 22. b5 Rg8 23. bxc6 bxc6 24. Bxc6 Bh4 25.
Bg2 Bxg3 26. hxg3 Qh2+ 27. Kf2 Rh3 28. Ne2 Nf6 29. Rh1 Ne4+ 30. Kf1 Nxg3+ 31. Nxg3 Qxg3 32. Qf2 Qxf2+ 33. Kxf2 g3+ 34.
Kf3 Rh2 35. Rxh2 gxh2 36. Rh1 Ba6 37. Rxh2 Bxc4 38. Bf1 Bd5+ 39. Kf2 Ra8 40. Bg2 Be4 41. Bxe4 fxe4 42. Ne1 Rxa3 43. Ng2 Kg7 44. Rh5 Kg6 45.
Rd5 h5 46. Rxd6+ Kf5 47. Rh6 Kg4 48. Rg6+ Kh3 49. f5 Ra2+ 50.
Ke1 Kh2 51. Nf4 h4 52. f6 h3 53. Rh6 Ra7 54. Rxh3+ Kg1 55. Rg3 1-0

[Event "Vetern-SM 50+ 2025"]
[Site "Uppsala, Sweden"]
[Date "2025.07.02"]
[Round "5.8"]
[White "Brandberg, Joakim"]
[Black "Lundberg, Daniel"]
[Result "1/2-1/2"]
[TimeControl "90 min for 40 move + 30 min with an increment of 30 sec starting move 1"]
[WhiteFideId "1712276"]
[BlackFideId "1759264"]
[WhiteElo "2111"]
[BlackElo "1838"]

1. c4 e6 2. d4 d5 3. cxd5 exd5 4. Nc3 a6 5. Nf3 c6 6. Qc2 Nf6 7. Bg5 Be6 8. e3 h6 9. Bh4 Bd6 10.
Bd3 Nbd7 11. a3 a5 12. O-O O-O 13. e4 dxe4 14. Nxe4 Be7 15. Nc5 Nxc5 16. dxc5 a4 17. Bc4 Bxc4 18. Qxc4 Ra5 19. Rfe1 g5 20.
Rad1 Nd5 21. Bg3 Bxc5 22. h4 f6 23. Qc2 Kg7 24. Nd2 Rb5 25. Ne4 Qb6 26. hxg5 hxg5 27. Rd2 Rf7 28. Qxa4 Qd8 29.
Qc2 Be7 30. Bh2 f5 31. Be5+ Kg6 32. Nc3 Ra5 33. Red1 Bf6 34. Bxf6 Rxf6 35. b4 Rxa3 36. Nxd5 cxd5 37. Rxd5 Qf8 38.
Rd8 Qxb4 39. Qc8 Qe7 40. R8d7 Qf8 41. Qxb7 Raa6 42. Rd8 Qg7 43. Qb5 Rae6 44. Qd5 Qf7 45. Qa8 Kg7 46. R8d7 Re7 47.
Qa7 Rfe6 48. Qd4+ Kg6 49. Rxe7 Rxe7 50. Qa1 Rd7 51. Qa6+ Kg7 52. Rb1 Ra7 53. Qc8 Re7 54. Qc1 Kg6 55.
Qc5 Re6 56. Qc3 Qf6 57. Qc8 Qe7 58. Qg8+ Kf6 59. Qh8+ Kg6 60. Qc3 Qf6 61. Qc8 Qe7 62. Qc3 1/2-1/2

[Event "Vetern-SM 50+ 2025"]
[Site "Uppsala, Sweden"]
[Date "2025.07.03"]
[Round "6.1"]
[White "Vernersson, Per"]
[Black "Johansen, Peter"]
[Result "1-0"]
[TimeControl "90 min for 40 move + 30 min with an increment of 30 sec starting move 1"]
[WhiteFideId "1700863"]
[BlackFideId "1723944"]
[WhiteElo "2258"]
[BlackElo "2104"]

1. d4 d5 2. c4 e6 3. Nc3 Nf6 4. Bg5 c6 5. e3 Nbd7 6. cxd5 exd5 7. Bd3 Bd6 8. Qc2 h6 9. Bh4 Qc7 10.
Nf3 g5 11. Bg3 g4 12. Nh4 Nf8 13. Nf5 Bxf5 14. Bxf5 h5 15. Bh4 Be7 16. Bxf6 Bxf6 17. Nxd5 Qa5+ 18. Nc3 Rh6 19. O-O-O Ng6 20.
Bxg6 Rxg6 21. Kb1 O-O-O 22. Ne4 Be7 23. Ng3 h4 24. Qf5+ Qxf5+ 25. Nxf5 Bg5 26. f4 gxf3 27. gxf3 Bf6 28.
e4 Kd7 29. Kc2 Rdg8 30. Ne3 Bg5 31. Ng4 Bf4 32. h3 Ke6 33. Rhe1 Rg5 34. Rd3 Ra5 35. a3 Rd8 36. b4 Rg5 37.
e5 Bg3 38. Re4 Rf5 39. Kd2 Bf4+ 40. Ke2 Bg5 41. Rc3 a6 42. Nf2 Rf4 43. Rxf4 Bxf4 44. Rc4 Rg8 45. Ng4 Kf5 46. Rc5 Rg6 47.
d5 cxd5 48. Rc7 f6 49. e6 Kxe6 50. Rxb7 Bd6 51. Rb6 f5 52. Ne3 f4 53. Ng4 Rg8 54. Rxa6 Rc8 55. Kd2 d4 56. Nf2 Kd5 57.
Ne4 Be5 58. Ra5+ Ke6 59. Nc5+ Kd6 60. Kd3 Rg8 61. Ke4 Bg7 62. Ra6+ Ke7 63. Kxf4 Rd8 64. Ke4 Kf7 65. Kd3 Re8 66.
Ne4 Re5 67. f4 Re7 68. f5 Be5 69. Ng5+ Kg7 70. Re6 1-0

[Event "Vetern-SM 50+ 2025"]
[Site "Uppsala, Sweden"]
[Date "2025.07.03"]
[Round "6.2"]
[White "Eriksson, Kristian"]
[Black "Olsson, Pether"]
[Result "1/2-1/2"]
[TimeControl "90 min for 40 move + 30 min with an increment of 30 sec starting move 1"]
[WhiteFideId "1705172"]
[BlackFideId "1726820"]
[WhiteElo "1998"]
[BlackElo "2160"]

1. e4 e5 2. Nf3 Nc6 3. Bb5 a6 4. Ba4 Nf6 5. d4 exd4 6. O-O Be7 7. Re1 O-O 8. e5 Ne8 9. c3 b5 10.
Bb3 d5 11. cxd4 Na5 12. Bc2 g6 13. Qd2 c5 14. dxc5 Bg4 15. Qf4 Bxf3 16. Qxf3 Bxc5 17. Bh6 Nc7 18. Bxf8 Bxf8 19. Nc3 b4 20.
Ne2 Nc4 21. Nf4 Nxb2 22. Bb3 Qe7 23. Nxd5 Nxd5 24. Bxd5 Rd8 25. Rab1 Na4 26. Rbd1 Kg7 27. Bb3 Rxd1 28. Qxd1 Nc5 29.
Qd4 Ne6 30. Qb6 Nf4 31. Qxa6 Qg5 32. Qf6+ Qxf6 33. exf6+ Kxf6 34. Rd1 h5 35. Rd7 Be7 36. Kf1 g5 37. g3 Ng6 38. h3 h4 39.
Ke2 Ne5 40. Rd1 hxg3 41. fxg3 Kg7 42. Bc2 Nc6 43. Ke3 Bc5+ 44. Ke4 Ne7 45. Ke5 Ng8 46. Bb3 Be7 47. Rd7 Kg6 48. Kd4 Kf6 49.
Kc4 Kg7 50. Rxe7 Nxe7 51. Kxb4 f5 52. a4 f4 53. gxf4 gxf4 54. Bd1 Nd5+ 55. Kb3 Kf6 56. a5 Nc7 57. Kc4 Kg5 58. Kc5 Kh4 59.
Be2 Ne6+ 60. Kb6 Nd4 61. a6 Nxe2 62. a7 Kxh3 63. a8=Q Kg3 64. Qg8+ Kf2 65. Kc5 f3 66. Kc4 Ke1 67.
Qf7 f2 1/2-1/2

[Event "Vetern-SM 50+ 2025"]
[Site "Uppsala, Sweden"]
[Date "2025.07.03"]
[Round "6.3"]
[White "Helin, Mikael"]
[Black "Gamback, Bjorn"]
[Result "0-1"]
[TimeControl "90 min for 40 move + 30 min with an increment of 30 sec starting move 1"]
[WhiteTitle "CM"]
[BlackTitle "CM"]
[WhiteFideId "1703838"]
[BlackFideId "1703161"]
[WhiteElo "1929"]
[BlackElo "1996"]

1. e4 c5 2. c4 Nc6 3. Nc3 g6 4. g3 Bg7 5. Bg2 d6 6. Rb1 e6 7. Nge2 Nge7 8. a3 b6 9. d3 Bb7 10.
b4 Qd7 11. O-O O-O 12. b5 Nd4 13. Nxd4 cxd4 14. Na2 Rac8 15. Nb4 f5 16. f3 fxe4 17. fxe4 Rxf1+ 18. Qxf1 d5 19. cxd5 Rf8 20.
Qe2 Qxb5 21. Bg5 Nc8 22. Rc1 exd5 23. Rc7 dxe4 24. Rxb7 Qxg5 25. Bxe4 Qe3+ 26. Qxe3 dxe3 27. Bd5+ Kh8 28.
Rf7 Re8 29. Be4 Nd6 30. Rxa7 Nxe4 31. dxe4 Rf8 32. Nc2 e2 33. Kg2 Bc3 34. Re7 e1=Q 35. Nxe1 Bxe1 36. e5 Bf2 37. Re6 Bc5 38.
g4 Kg7 39. h4 Rf7 40. Rc6 Re7 41. e6 Kf6 42. a4 Rxe6 43. Rc7 Re7 44. Rc6+ Ke5 45. g5 Rf7 46. Rc8 Kd5 47. Ra8 Bb4 48.
Rc8 Bd6 49. Ra8 Bc7 50. Re8 Kc4 51. Re4+ Kb3 52. Kh3 Bd6 53. Re6 Bc5 54. Re4 Bb4 55. h5 gxh5 56. g6 hxg6 57. Re6 Bc5 58.
a5 bxa5 59. Rxg6 Rf5 60. Rg3+ Kb2 0-1

[Event "Vetern-SM 50+ 2025"]
[Site "Uppsala, Sweden"]
[Date "2025.07.03"]
[Round "6.4"]
[White "Gromark, Jonas"]
[Black "Karlsson, Patrik"]
[Result "1/2-1/2"]
[TimeControl "90 min for 40 move + 30 min with an increment of 30 sec starting move 1"]
[WhiteFideId "137122733"]
[BlackFideId "1710834"]
[WhiteElo "1822"]
[BlackElo "1923"]

1. c4 e5 2. Nc3 Bb4 3. Qb3 Nc6 4. e3 Nf6 5. Nge2 O-O 6. a3 Bc5 7. Na4 Be7 8. Nac3 Re8 9. Ng3 d6 10.
Be2 Rb8 11. Qc2 a5 12. O-O Be6 13. Rd1 d5 14. d4 exd4 15. exd4 h6 16. Be3 Qd7 17. b3 Rbd8 18. c5 Qc8 19. Nb5 Rd7 20. Bd3 Bf8 21.
Nf5 Ne7 22. Ng3 Nc6 23. Nf5 Ne7 1/2-1/2

[Event "Vetern-SM 50+ 2025"]
[Site "Uppsala, Sweden"]
[Date "2025.07.03"]
[Round "6.5"]
[White "Svensson, Hakan"]
[Black "Persson, Lars"]
[Result "0-1"]
[TimeControl "90 min for 40 move + 30 min with an increment of 30 sec starting move 1"]
[WhiteFideId "1714201"]
[BlackFideId "1703579"]
[WhiteElo "2004"]
[BlackElo "2041"]

1. e4 e6 2. d4 d5 3. e5 Bd7 4. Nf3 a6 5. Bd3 Bb5 6. O-O Bxd3 7. Qxd3 c5 8. c3 Nc6 9. Bg5 Qb6 10.
dxc5 Bxc5 11. b4 Be7 12. Re1 Bxg5 13. Nxg5 Nge7 14. Nd2 h6 15. Qh3 Ng6 16. Nxe6 fxe6 17. Qxe6+ Nge7 18. c4 Qxb4 19.
Rad1 Nd4 20. Qd6 Nc2 21. Qe6 Rd8 22. Rb1 Qxd2 23. Red1 Nd4 24. Qg4 Ne2+ 25. Kh1 Qc2 26. Re1 Qxc4 27.
Qxg7 Rg8 28. Qxh6 Qg4 29. Qh3 Qxh3 30. gxh3 Nf4 31. Rxb7 Nxh3 32. Rb6 Nxf2# 0-1

[Event "Vetern-SM 50+ 2025"]
[Site "Uppsala, Sweden"]
[Date "2025.07.03"]
[Round "6.6"]
[White "Bergfalk, Jonas"]
[Black "Hedin, Niclas"]
[Result "1-0"]
[TimeControl "90 min for 40 move + 30 min with an increment of 30 sec starting move 1"]
[WhiteFideId "1703986"]
[BlackFideId "1720708"]
[WhiteElo "2030"]
[BlackElo "1953"]

1. c4 c6 2. Nf3 d5 3. b3 Nf6 4. g3 Bf5 5. Bg2 e6 6. O-O Nbd7 7. Bb2 Be7 8. d3 h6 9. Nbd2 O-O 10.
a3 Re8 11. b4 Bf8 12. b5 cxb5 13. cxb5 a6 14. bxa6 Rxa6 15. Nd4 Bg6 16. N4b3 Qa8 17. Ra2 Bxa3 18. Bxa3 Rxa3 19. Rxa3 Qxa3 20.
Qa1 Qxa1 21. Rxa1 Rc8 22. Ra7 b6 23. f4 Nc5 24. Nd4 Bh5 25. Bf3 Bxf3 26. N2xf3 Ncd7 27. h3 Kf8 28. Kf2 Rc5 29.
Ne5 Nxe5 30. fxe5 Ne8 31. Rb7 Rc7 32. Rxb6 Ke7 33. Rb8 g6 34. g4 Kd7 35. Nb5 Rc8 36. Rxc8 Kxc8 37. Ke3 Kb7 38.
h4 Kb6 39. Nd4 Ng7 40. Kf4 Kc5 41. Nf3 Kc6 42. Ng5 hxg5+ 43. Kxg5 d4 44. Kf6 Ne8 45. Kxf7 Kd5 46. Kxe8 Kxe5 47.
Ke7 Kf4 48. h5 gxh5 49. gxh5 1-0

[Event "Vetern-SM 50+ 2025"]
[Site "Uppsala, Sweden"]
[Date "2025.07.03"]
[Round "6.7"]
[White "Lundberg, Daniel"]
[Black "Ivarsson, Anders"]
[Result "1/2-1/2"]
[TimeControl "90 min for 40 move + 30 min with an increment of 30 sec starting move 1"]
[WhiteFideId "1759264"]
[BlackFideId "1768158"]
[WhiteElo "1838"]
[BlackElo "1987"]

1. Nf3 c5 2. g3 Nf6 3. Bg2 d5 4. O-O Nc6 5. d4 cxd4 6. Nxd4 e5 7. Nxc6 bxc6 8. c4 Be6 9. Nc3 Rc8 10.
Qa4 Qd7 11. cxd5 cxd5 12. Qxd7+ Kxd7 13. Rd1 Kc6 14. Bg5 Bb4 15. Rac1 Bxc3 16. Rxc3+ Kb5 17. Bxf6 Rxc3 18. bxc3 gxf6 19.
Bxd5 Bxd5 20. Rxd5+ Kc6 21. Rd2 Rb8 22. Kg2 a5 23. Kf3 Kc5 24. Ke4 Kc4 25. Rd7 Kxc3 26. Rxf7 Rb2 27. Ke3 Rxa2 28.
Rxf6 a4 29. f4 exf4 30. gxf4 a3 31. f5 Rc2 32. Rc6+ Kb2 33. Rxc2+ Kxc2 34. f6 a2 35. f7 a1=Q 36. f8=Q Qe5+ 37. Kf3 Qxh2 38. Qf5+ Kb3 39. Qd5+ Ka4 40. e4 Qh4 41.
Qc6+ Kb4 42. Qd6+ Kb5 43. e5 h5 44. Qd7+ Kc5 45. e6 Qg4+ 46. Ke3 Qg3+ 47. Ke4 Qg4+ 48. Ke3 1/2-1/2

[Event "Vetern-SM 50+ 2025"]
[Site "Uppsala, Sweden"]
[Date "2025.07.03"]
[Round "6.8"]
[White "Ljung, Rickard"]
[Black "Brandberg, Joakim"]
[Result "1/2-1/2"]
[TimeControl "90 min for 40 move + 30 min with an increment of 30 sec starting move 1"]
[WhiteFideId "1740156"]
[BlackFideId "1712276"]
[WhiteElo "1972"]
[BlackElo "2111"]

1. d4 e6 2. Bf4 Nf6 3. e3 d5 4. Nd2 Bd6 5. Bg3 O-O 6. Ngf3 c5 7. c3 Qc7 8. Bd3 b6 9. Qe2 Bb7 10.
Rd1 Nbd7 11. Bb1 e5 12. dxe5 Nxe5 13. Nxe5 Bxe5 1/2-1/2